 Dungeon Crawl Stone Soup version 0.16-a0-890-g98fc465 (webtiles) character file.

62 RobertPalmer the Poker (level 4, -3/29 HPs)
             Began as an Octopode Gladiator on Sept 28, 2014.
             Slain by a giant gecko (5 damage)
             ... on Level 2 of the Dungeon on Sept 29, 2014.
             The game lasted 00:06:02 (1618 turns).

RobertPalmer the Poker (Octopode Gladiator)         Turns: 1618, Time: 00:06:02

HP  -3/29        AC  1     Str 14      XL: 4   Next:  8%
MP   4/4         EV 19     Int 10      God:
Gold 61          SH  0     Dex 18      Spells:  0 memorised,  3 levels left

rFire  . . .     SeeInvis .     a - +0 trident
rCold  . . .     Clarity  .     (no shield)
rNeg   . . .     rCorr    .     (helmet restricted)
rPois  .         rRot     .     (no amulet)
rElec  .         Spirit   .     (no ring)
SustAb .         Warding  .     (no ring)
rMut   .         Stasis   .     (no ring)
Gourm  .                        (no ring)
MR     .....                    (no ring)
                                (no ring)
                                (no ring)
                                (no ring)

@: agile, lethally poisoned, not resistant to hostile enchantments, fairly
stealthy
A: almost no armour, amphibious, 8 rings, constrict 8, camouflage 1, gelatinous
body 1
a: no special abilities


You were on level 2 of the Dungeon.
You were not hungry.

You visited 1 branch of the dungeon, and saw 2 of its levels.

You collected 61 gold pieces.


Innate Abilities, Weirdness & Mutations

You cannot wear most types of armour.
You are amphibious.
You can wear up to eight rings at the same time.
You can use your tentacles to constrict many enemies at once.
Your skin changes colour to match your surroundings (Stealth).
Your rubbery body absorbs attacks (AC +1).


   Skills:
 - Level 2.0 Fighting
 + Level 4.8 Polearms
 - Level 2.0 Throwing
 - Level 3.0 Dodging


You had 3 spell levels left.
You didn't know any spells.

Inventory:

Hand weapons
 a - a +0 trident (weapon)
Missiles
 d - 3 throwing nets (quivered)
Armour
 c - a +0 hat
 i - a +2 hat
Comestibles
 f - 2 bread rations
Scrolls
 e - a scroll of fog {unknown}
 h - a scroll of fear {unknown}
 j - a scroll of magic mapping {unknown}
 k - a scroll of recharging {unknown}
Potions
 g - a potion of heal wounds {unknown}

Dungeon Overview and Level Annotations

Branches:
Dungeon (2/15)

Altars:

#.....# #.........
###[....### ##.(......#
#........(# #..##....##
..........# ###(####..##
#........(# ##)..# #.##
#.........## ###.(### #.#
............## ##.....## #<#
........#...###.......####.#
##......#..S##@........##..#
##.#.#####.#lS........#..##
#.#. #......(.....#.## # #.
#..#.......<.#.# #.
#....#...........#
#.##.##......%#.##
...##.#......%...#
...............)..#
.#####..........##


You could see an adder and a giant gecko.


Message History

The adder poisons you!
You feel sick.
You feel sick. The giant gecko closely misses you.
Unknown command.
You feel sick.
You closely miss the giant gecko.
You feel sick.
The giant gecko hisses menacingly.
The giant gecko closely misses you. The giant gecko bites you.
You closely miss the adder. The giant gecko closely misses you.
The adder bites you.
* * * LOW HITPOINT WARNING * * *
You miss the adder. The adder closely misses you. The giant gecko bites you.
* * * LOW HITPOINT WARNING * * *
You miss the adder. You grab the adder. You constrict the adder.
You feel sick. The adder bites you.
* * * LOW HITPOINT WARNING * * *
The giant gecko bites you.
* * * LOW HITPOINT WARNING * * *
The adder bites you.
* * * LOW HITPOINT WARNING * * *
The giant gecko bites you.
* * * LOW HITPOINT WARNING * * *
Drink which item? (? for menu, Esc to quit)
Okay, then.
Drink which item? (? for menu, Esc to quit)
You feel agile all of a sudden.
It was a potion of agility.
You constrict the adder. The adder misses you. The giant gecko bites you.
You die...

Action                   |  1- 3 |  4- 6 || total
-------------------------+-------+-------++-------
Melee: Trident           |    79 |    18 ||    97
  Use: Potion            |       |     1 ||     1
 Stab: Sleeping          |     3 |       ||     3
  Eat: Chunk             |     1 |     1 ||     2

Vault maps used:
D:1:      minmay_arrival_glassed_features, minmay_fountain_box
D:2:      uniq_sigmund

Notes
Turn   | Place    | Note
--------------------------------------------------------------
     0 | D:1      | RobertPalmer, the Octopode Gladiator, began the quest for the Orb.
     0 | D:1      | Reached XP level 1. HP: 14/14 MP: 1/1
    48 | D:1      | Upgraded the game from 0.16-a0-791-gf1c67de to 0.16-a0-890-g98fc465
   165 | D:1      | Reached XP level 2. HP: 13/19 MP: 2/2
   537 | D:1      | Reached skill level 4 in Polearms
   791 | D:1      | Reached XP level 3. HP: 24/24 MP: 3/3
  1330 | D:2      | Reached XP level 4. HP: 14/29 MP: 4/4
  1617 | D:2      | HP: 2/29 [adder (3)]
  1618 | D:2      | Slain by a giant gecko

Vanquished Creatures
  An adder (D:2)
  A worm (D:1)
  2 giant geckos (D:1)
  An ooze (D:2)
  4 giant cockroaches
  8 hobgoblins
  7 kobolds
  3 bats
  3 giant newts (D:1)
  5 goblins (D:1)
  6 rats
41 creatures vanquished.
